 Dungeon Crawl Stone Soup version 0.31-a0-18-gea43df2a32 (webtiles) character file.

Game seed: 16196500101924939570

166 dracfodder the Digger (level 5, -7/28 HPs)
             Began as a Gargoyle Earth Elementalist on May 10, 2023.
             Killed by divine providence
             ... invoked by an orc priest
              (14 damage)
             ... on level 4 of the Dungeon.
             The game lasted 00:18:45 (3410 turns).

dracfodder the Digger (Gargoyle Earth Elementalist) Turns: 3410, Time: 00:18:47

Health: -7/28      AC:  8    Str: 18    XL:     5   Next: 47%
Magic:  1/10       EV: 12    Int: 17    God:
Gold:   126        SH:  0    Dex: 10    Spells: 6/11 levels left

rFire   . . .        b - +0 sling
rCold   . . .        (no shield)
rNeg    + . .        d - +1 robe
rPois   ∞            i - +0 helmet
rElec   +            (no cloak)
rCorr   .            (no gloves)
SInv    .            (no boots)
Will    +....        (no amulet)
Stlth   ++           h - ring of willpower
HPRegen 0.24/turn    e - +6 ring of strength
MPRegen 0.12/turn

%: no passive effects
@: no status effects
A: sickness immunity, AC +4, negative energy resistance 1, electricity
resistance, torment resistance 1, petrification resistance, talons 1
a: no special abilities


You were on level 4 of the Dungeon.
You visited 1 branch of the dungeon, and saw 4 of its levels.

You collected 126 gold pieces.

Inventory:

Hand Weapons
 a - a +0 whip
 b - a +0 sling (weapon)
Armour
 d - a +1 robe (worn)
 i - a +0 helmet (worn)
Jewellery
 e - a +6 ring of strength (right hand)
 h - a ring of willpower (left hand)
 j - a +4 ring of protection
Wands
 l - a wand of roots (5)
Scrolls
 f - a scroll of silence
 k - 2 scrolls of teleportation
Potions
 c - a potion of flight
 g - a potion of resistance
 m - a potion of curing {unknown}
 o - a potion of might {unknown}
 q - a potion of attraction {unknown}


   Skills:
 + Level 0.5 Fighting
 + Level 1.0 Maces & Flails
 + Level 1.5 Ranged Weapons
 + Level 1.9 Dodging
 + Level 2.6 Stealth
 + Level 3.5 Spellcasting
 + Level 0.3 Conjurations
 + Level 0.7 Transmutations
 + Level 4.6 Earth Magic


You had 6 spell levels left.
You knew the following spells:

 Your Spells              Type           Power      Damage    Failure   Level
a - Sandblast             Erth           36%        2d10      2%          1
b - Magic Dart            Conj           16%        1d3       14%         1
c - Stone Arrow           Conj/Erth      22%        3d8       19%         3

Your spell library contained the following spells:

 Spells                   Type           Power      Damage    Failure   Level
 Passwall                 Tmut/Erth      10%        N/A       9%          2
 Momentum Strike          Conj/Tloc      6%         3d8       24%         2
 Blink                    Tloc           6%         N/A       26%         2
 Call Imp                 Summ           6%         N/A       26%         2
 Lesser Beckoning         Tloc           6%         N/A       26%         2
 Mephitic Cloud           Conj/Pois/Air  3%         N/A       43%         3
 Petrify                  Tmut/Erth      12%        N/A       50%         4
 Animate Armour           Summ/Erth      20%        N/A       54%         4
 Lehudib's Crystal Spear  Conj/Erth      5%         10d3      100%        8


Dungeon Overview and Level Annotations

Branches:
Dungeon (4/15)
 Temple: D:4-7

Altars:

Shops:
D:1 !


Innate Abilities, Weirdness & Mutations

You are immune to sickness and miasma.
Your stone body is resilient. (AC +4)
You are immune to poison.
You resist negative energy. (rN+)
You are resistant to electric shocks. (rElec)
You are resistant to unholy torment.
You are immune to petrification.
You have sharp toenails.


Message History

Press: ? - help, Q - select action, (/) - cycle Shift-Dir - straight line, f/p - orc
Aim: an orc, wielding a +0 club (lightly wounded, 82% to hit)
The blast of sand hits the orc.
The orc is severely wounded.
An orc priest comes into view. It is wielding a +0 quarterstaff.
Aiming: Sandblast (safe; 2% risk of failure)
Press: ? - help, Q - select action, (/) - cycle Shift-Dir - straight line, f/p - orc
Aim: an orc, wielding a +0 club (severely wounded, 82% to hit)
The blast of sand hits the orc.
You kill the orc!
A goblin comes into view. It is wielding a +0 club.
The orc priest invokes the aid of Beogh against you.
Beogh smites you!
Aiming: Sandblast (safe; 2% risk of failure)
Press: ? - help, Q - select action, (/) - cycle Shift-Dir - straight line, f - orc priest
Aim: an orc priest, wielding a +0 quarterstaff and wearing a +0 scale mail (84% to hit)
The blast of sand hits the orc priest.
The orc priest is moderately wounded.
The orc priest casts a cantrip, but nothing happens.
An orc comes into view. It is wielding a +0 flail.
Aiming: Sandblast (safe; 2% risk of failure)
Press: ? - help, Q - select action, (/) - cycle Shift-Dir - straight line, f/p - orc priest
Aim: an orc priest, wielding a +0 quarterstaff and wearing a +0 scale mail (moderately wounded, 84% to hit)
The blast of sand hits the orc priest.
The orc priest is heavily wounded.
The orc shouts!
The orc priest calls down the wrath of Beogh upon you.
Beogh smites you!
* * * LOW HITPOINT WARNING * * *
Aiming: Sandblast (safe; 2% risk of failure)
Press: ? - help, Q - select action, (/) - cycle Shift-Dir - straight line, f/p - orc priest
Aim: an orc priest, wielding a +0 quarterstaff and wearing a +0 scale mail (heavily wounded, 84% to hit)
The blast of sand hits the orc priest.
The orc priest is almost dead.
The orc priest begins to cast a cantrip, but forgets the words!
An orc comes into view. It is wielding a +0 hand axe.
The orc priest mumbles some strange prayers to Beogh against you.
Beogh smites you!
Ouch! That really hurt!
You die...

~....... ~.......
. # ~#.....# ..
##. ~~~~~~~ ...
#..###.....###....
#................
.#...)...##...#
.......o.#....#
#....oo.)@##.#
#.....)#####.#
#....).####..####
##...#..........#
.....##..........#
.###.##..........#
..............#
......o........#
................#


You could see an orc priest and 2 orcs.

Vanquished Creatures
  2 sleepcaps
  Robin (D:2)
  4 adders
  A worm (D:3)
  A dart slug (D:2)
  3 orcs (D:4)
  4 ball pythons
  6 endoplasms
  12 goblins
  9 hobgoblins
  A quokka (D:3)
  7 bats
  3 frilled lizards
  3 rats (D:3)
57 creatures vanquished.

Notes
Turn   | Place    | Note
-------+----------+-------------------------------------------
     0 | D:1      | dracfodder the Gargoyle Earth Elementalist began the quest
                  | for the Orb.
     0 | D:1      | Reached XP level 1. HP: 10/10 MP: 3/3
   117 | D:1      | Found Zaq Xyff's Distillery.
   234 | D:1      | Learned a level 1 spell: Magic Dart
   456 | D:1      | Reached XP level 2. HP: 15/15 MP: 1/5
  1076 | D:2      | Reached skill level 4 in Earth Magic
  1117 | D:2      | You fall into a shaft and drop 1 floor!
  1362 | D:2      | Noticed Robin
  1375 | D:2      | Reached XP level 3. HP: 19/19 MP: 3/6
  1389 | D:2      | Killed Robin
  1554 | D:2      | Reached XP level 4. HP: 24/24 MP: 6/8
  1711 | D:2      | Learned a level 3 spell: Stone Arrow
  2244 | D:3      | Found a faded altar of an unknown god.
  2293 | D:3      | Gained mutation: You have sharp toenails. [potion of
                  | mutation]
  2555 | D:3      | Reached skill level 1 in Maces & Flails
  2555 | D:3      | Reached XP level 5. HP: 14/28 MP: 1/10
  3251 | D:3      | Reached skill level 1 in Ranged Weapons
  3410 | D:4      | Killed from afar by an orc priest

Illustrated notes

Levels and vault maps discovered:
D:1:      minmay_arrival_four_houses, layout_basic, serial_shops, shop
D:2:      layout_loops_cross, uniq_robin
D:3:      layout_loops_ring, dreamdust_ecumenical_altar_grove, eino_curves_02
D:4:      layout_rooms, minmay_temple_entry_water_ring, minivault_4

Skill      XL: |  1  2  3  4  5 |
---------------+----------------+-----
Earth Magic    | 4 |  4.6
Spellcasting   | 3 |  3.5
Maces & Flails | 1 |  1.0
Ranged Weapons | 1 |  1.5
Fighting       | |  0.5
Dodging        | |  1.9
Stealth        | |  2.6
Conjurations   | |  0.3
Transmutations | |  0.7

Action                     |  1- 3 |  4- 6 || total
---------------------------+-------+-------++-------
  Melee: Whip              |    29 |     7 ||    36
         Kick              |       |     1 ||     1
   Fire: Sling             |     5 |    18 ||    23
   Cast: Sandblast         |    33 |    41 ||    74
         Magic Dart        |     9 |    16 ||    25
         Stone Arrow       |       |     9 ||     9
    Use: Scroll            |     3 |     9 ||    12
         Potion            |     1 |     1 ||     2
 Armour: Robe              |    11 |    13 ||    24
  Dodge: Dodged            |    24 |    36 ||    60

Table legend: (Time is in decaauts)
 A = Elapsed time spent in this place.
 B = Non-inter-level travel time spent in this place.
 C = Inter-level travel time spent in this place.
 D = Time resting spent in this place.
 E = Time spent auto-exploring this place.
 F = Levels seen in this place.
 G = Mean time per level.
                   A        B        C        D        E       F      G
               +--------+--------+--------+--------+--------+-----+--------+
         Total |   3453 |   3401 |     52 |    574 |   2350 |   4 |  863.2 |
       Dungeon |   3453 |   3401 |     52 |    574 |   2350 |   4 |  863.2 |
               +--------+--------+--------+--------+--------+-----+--------+

Top non-repeatable levels by time:
     D:3: 1394 daAuts
     D:1: 1077 daAuts
     D:2: 893 daAuts
     D:4: 88 daAuts
